 Dungeon Crawl Stone Soup version 0.20-a0-1020-g7b9e4fe (webtiles) character file.

706 Herrn the Bolt Thrower (level 8, -3/61 HPs)
             Began as a Formicid Wanderer on Apr 18, 2017.
             Was an Initiate of Okawaru.
             Slain by a sky beast (6 damage)
             ... on level 5 of the Dungeon.
             The game lasted 00:12:03 (5101 turns).

Herrn the Bolt Thrower (Formicid Wanderer)          Turns: 5101, Time: 00:12:04

Health: -3/61      AC: 14    Str: 13 (14) XL:     8   Next: 0%
Magic:  8/8        EV:  4    Int: 22 (23) God:    Okawaru [......]
Gold:   202        SH:  8    Dex:  7 (9)  Spells: 7/7 levels left

rFire    . . .     SeeInvis +   c - +0 hand axe (elec)
rCold    . . .     Gourm    .   a - +0 shield
rNeg     . . .     Faith    .   y - +0 chain mail
rPois    .         Spirit   .   (helmet unavailable)
rElec    .         Reflect  .   (no cloak)
rCorr    .         Harm     .   (no gloves)
MR       .....                  o - +0 pair of boots
Stlth    ..........             (no amulet)
Regen    0.2/turn               u - +4 ring of protection
MPRegen  0.2/turn               (no ring)

@: brilliant
A: permanent stasis, dig shafts and tunnels, four strong arms, antennae 3
a: Dig, Shaft Self, Renounce Religion


You were on level 5 of the Dungeon.
You worshipped Okawaru.
Okawaru was noncommittal.
You were hungry.

You visited 2 branches of the dungeon, and saw 6 of its levels.

You collected 202 gold pieces.

Inventory:

Hand Weapons
 b - a +0 hand crossbow
 c - a +0 hand axe of electrocution (weapon)
Missiles
 h - 6 bolts
Armour
 a - a +0 shield (worn)
 o - a +0 pair of boots (worn)
 y - a +0 chain mail (worn)
Jewellery
 u - a +4 ring of protection (left hand)
Scrolls
 e - a scroll of fog {unknown}
 g - 3 scrolls of remove curse {unknown}
 j - a scroll of enchant weapon {unknown}
 k - a scroll of amnesia {unknown}
 m - 2 scrolls of recharging {unknown}
 q - a scroll of fear {unknown}
 r - a scroll of random uselessness {unknown}
 t - a scroll of magic mapping {unknown}
 v - 3 scrolls of identify {unknown}
 w - a scroll of enchant armour {unknown}
 z - 3 scrolls of teleportation {unknown}
Potions
 l - a potion of degeneration
 x - a potion of brilliance
Comestibles
 f - 6 bread rations
 i - 4 fruits
 n - 2 meat rations
 p - 2 royal jellies


   Skills:
 + Level 4.9 Fighting
 * Level 4.1 Axes
 + Level 5.3 Crossbows
 + Level 2.9 Armour
 + Level 1.3 Dodging
 + Level 3.9 Shields


You had 7 spell levels left.
You didn't know any spells.

Dungeon Overview and Level Annotations

Branches:
Dungeon (5/15)             Temple (1/1) D:4

Altars:
Ashenzari
Cheibriados
Dithmenos
Elyvilon
Fedhas
Gozag
Hepliaklqana
Kikubaaqudgha
Makhleb
Nemelex Xobeh
Okawaru
Ru
Sif Muna
Trog
Uskayaw
Wu Jian


Innate Abilities, Weirdness & Mutations

You cannot be hasted, slowed, berserked, paralysed or teleported.
You can dig through walls and to a lower floor.
Your four strong arms can wield two-handed weapons with a shield.
You have a pair of large antennae on your head. (SInv)


Message History

You closely miss the sky beast.
The sky beast is almost dead.
The sky beast flickers out of sight for a moment.
You block the sky beast's attack.
You barely miss the sky beast.
The sky beast is almost dead.
The sky beast hits you but does no damage.
You closely miss the sky beast.
The sky beast is almost dead.
You float gracefully downwards.
The sky beast hits you.
* * * LOW HITPOINT WARNING * * *
The sky beast shocks you.
* * * LOW HITPOINT WARNING * * *
The sky beast hits you but does no damage.
You closely miss the sky beast.
The sky beast is almost dead.
The sky beast hits you.
* * * LOW HITPOINT WARNING * * *
The sky beast shocks you.
You die...

.......
#...............
#........
#........
#........
#........
#.......)
#Y.......
#@.......
#........
#........
#........
#........
#........
#........
#.........
#..........


You could see a sky beast.

Vanquished Creatures
  An ice beast (D:3)
  A bullfrog zombie (D:5)
  A jelly (D:5)
  3 orc priests (D:3)
  Terence (D:3)
  Natasha (thrice) (D:2)
  An iguana (D:5)
  6 orc wizards
  A worker ant (D:4)
  5 adders
  3 oozes
  3 dart slugs
  5 leopard geckos
  15 orcs
  A giant cockroach (D:4)
  9 goblins
  10 hobgoblins
  4 jackals
  12 kobolds
  3 quokkas
  A ball python (D:4)
  13 bats
  A frilled lizard (D:2)
  A leopard gecko skeleton (D:4)
  10 rats
114 creatures vanquished.

Notes
Turn   | Place    | Note
-------+----------+-------------------------------------------
     0 | D:1      | Herrn the Formicid Wanderer began the quest for the Orb.
     0 | D:1      | Herrn set off with: a +0 shield, a +0 hand crossbow, 31 bolts, a potion of curing, a +0 robe, a bread ration
     0 | D:1      | Reached XP level 1. HP: 18/18 MP: 1/1
   186 | D:1      | Reached XP level 2. HP: 20/24 MP: 2/2
   536 | D:1      | Reached XP level 3. HP: 18/29 MP: 3/3
  1060 | D:2      | Noticed Natasha
  1073 | D:2      | Killed Natasha
  1073 | D:2      | Reached XP level 4. HP: 37/37 MP: 4/4
  1345 | D:2      | Noticed Natasha
  1350 | D:2      | Killed Natasha
  1350 | D:2      | Reached XP level 5. HP: 37/42 MP: 5/5
  1474 | D:2      | Reached skill level 1 in Dodging
  1761 | D:2      | Found a white marble altar of Elyvilon.
  1805 | D:2      | Noticed Natasha
  1822 | D:2      | Killed Natasha
  1822 | D:2      | Reached skill level 4 in Crossbows
  2286 | D:3      | Noticed Terence
  2304 | D:3      | Killed Terence
  2304 | D:3      | Reached XP level 6. HP: 32/48 MP: 6/6
  2421 | D:3      | Noticed an ice beast
  2435 | D:3      | Killed an ice beast
  2862 | D:3      | Reached XP level 7. HP: 38/55 MP: 7/7
  3112 | D:3      | Found an ornate altar of the Wu Jian Council.
  3368 | D:3      | Reached skill level 5 in Crossbows
  4033 | D:4      | Found a blossoming altar of Fedhas.
  4037 | D:4      | Found a sacrificial altar of Ru.
  4042 | D:4      | Found an iron altar of Okawaru.
  4076 | D:4      | Became a worshipper of Warmaster Okawaru
  4125 | D:4      | Found a staircase to the Ecumenical Temple.
  4134 | Temple   | Entered the Ecumenical Temple
  4716 | D:5      | Entered Level 5 of the Dungeon
  4774 | D:5      | Found a sparkling altar of Nemelex Xobeh.
  5042 | D:5      | Reached XP level 8. HP: 60/61 MP: 8/8
  5101 | D:5      | HP: 3/61 [sky beast (1)]
  5101 | D:5      | Slain by a sky beast

Vault maps used:
D:1:      tarquinn_simple_flora_water_d, minmay_misc_feat_alley
D:2:      wad_pebble_path, elyvilon_altar_1, uniq_natasha
D:3:      overflow_temple_1_default, first_bread, roderic_lattice_a,
          uniq_terence
D:4:      minmay_overflow_temple_star_quad, minmay_temple_entry_trees
D:5:      minitemple, nemelex_xobeh_ov_fountains_minmay
Temple:   cyrus_temple_forest

Skill      XL: |  1  2  3  4  5  6  7 |
---------------+----------------------+-----
Axes           | 2 3 4 |  4.1
Fighting       | 4 |  4.9
Dodging        | 1 |  1.3
Crossbows      | 4 5 |  5.3
Shields        | 3 |  3.9
Armour         | 2 |  2.9

Action                   |  1- 3 |  4- 6 |  7- 9 || total
-------------------------+-------+-------+-------++-------
Melee: Hand axe          |    54 |    46 |   177 ||   277
 Fire: Hand crossbow     |    34 |   102 |    27 ||   163
 Abil: Dig               |     1 |     2 |     2 ||     5
  Use: Potion            |       |       |     5 ||     5
  Eat: Chunk             |       |     6 |     7 ||    13
Armor: Robe              |    14 |     3 |       ||    17
       Ring mail         |       |    24 |       ||    24
       Chain mail        |       |    12 |    97 ||   109
Dodge: Dodged            |    25 |    24 |    30 ||    79
Block: Shield            |    34 |    48 |    67 ||   149
